 Dungeon Crawl Stone Soup version 0.16.0-16-g311141a (webtiles) character file.

89827 Chiseanne the Martial Artist (level 15, -1/81 HPs)
             Began as a Vine Stalker Monk on Mar 19, 2015.
             Was an Initiate of Gozag.
             Slain by a spriggan defender
             ... wielding a +0 demon whip of flaming
             ... led by the Enchantress
              (16 damage)
             ... on level 1 of the Depths.
             The game lasted 01:48:30 (19674 turns).

Chiseanne the Martial Artist (Vine Stalker Monk)   Turns: 19674, Time: 01:48:30

Health: -1/81      AC: 16    Str: 18    XL:     15   Next: 98%
Magic:  0/19       EV: 28    Int: 16    God:    Gozag
Gold:   1772       SH: 14    Dex: 29    Spells: 0 memorised, 14 levels left

rFire  . . .     SeeInvis +       - Unarmed
rCold  . . .     Clarity  .     L - +2 robe "Wominug" {+Blink MR+ Int+6 Dex+4 Stlth-}
rNeg   + + .     SustAb   .     p - +0 shield (curse)
rPois  .         Gourm    .     W - +2 hat of the Bear Spirit {Spirit, +Rage rN+ MR++}
rElec  .         Spirit   +     j - +1 cloak
rCorr  .         Warding  +     E - +2 pair of gloves {Str+3}
rMut   .         Stasis   .     t - +2 pair of boots
MR     ++++.                    F - amulet of warding
Stlth  ++........               n - ring of see invisible
                                e - +3 ring of dexterity

@: very slightly contaminated, incredibly resistant to hostile enchantments,
unstealthy
A: fangs 3, regeneration 3, magic shield, antimagic bite, no device heal 3, rot
immunity
a: Potion Petition, Call Merchant, Bribe Branch, Renounce Religion, Evoke Blink,
Evoke Berserk Rage


You were on level 1 of the Depths.
You worshipped Gozag.
Gozag was noncommittal.
You were not hungry.

You visited 3 branches of the dungeon, and saw 20 of its levels.
You also visited: Bailey.

You collected 8095 gold pieces.
You spent 2279 gold pieces at shops.
You paid 4044 gold pieces to Gozag.

Inventory:

Hand weapons
 w - a +4 blowgun
Missiles
 k - 16 curare-tipped needles
 m - 3 poisoned tomahawks
 u - 10 tomahawks
 x - 61 poisoned needles
 C - 30 tomahawks of returning (quivered)
 K - 5 throwing nets
Armour
 j - a +1 cloak (worn)
 p - a cursed +0 shield (worn)
 t - a +2 pair of boots (worn)
 E - a +2 pair of gloves of strength (worn)
 L - the +2 robe "Wominug" (worn) {+Blink MR+ Int+6 Dex+4 Stlth-}
   (You found it on level 9 of the Dungeon)

   It affects your intelligence (+6).
   It affects your dexterity (+4).
   It affects your resistance to hostile enchantments.
   It lets you blink.
   It makes you less stealthy.
 W - the +2 hat of the Bear Spirit (worn) {Spirit, +Rage rN+ MR++}
   (You bought it in a shop on level 12 of the Dungeon)

   It protects you from negative energy.
   It affects your resistance to hostile enchantments.
   It lets you go berserk.
Jewellery
 b - a +4 ring of strength
 e - a +3 ring of dexterity (left hand)
 l - an uncursed amulet of clarity
 n - a ring of see invisible (right hand)
 o - an uncursed ring of ice
 q - an uncursed ring of fire
 F - an amulet of warding (around neck)
 R - an uncursed ring of poison resistance
Magical devices
 f - a wand of fire (2)
 v - a wand of slowing (21)
 B - a wand of digging (6)
 D - a wand of draining (0)
 H - a wand of draining (0)
 N - a wand of hasting (2)
 P - a wand of fireball (3)
Scrolls
 c - 2 scrolls of magic mapping
 s - 7 scrolls of remove curse
 y - 2 scrolls of teleportation
 z - 3 scrolls of fog
 G - 2 scrolls of recharging
 I - a scroll of vulnerability
 O - 6 scrolls of identify
Potions
 a - 2 potions of invisibility
 d - a potion of cure mutation
 g - 4 potions of lignification
 h - 4 potions of restore abilities
 A - a potion of mutation
 J - a potion of flight
 M - 5 potions of curing
Miscellaneous
 S - a lamp of fire
 T - a sack of spiders {used: 6}
 X - a fan of gales
Comestibles
 i - 6 meat rations
 Q - a bread ration


   Skills:
 * Level 10.6 Fighting
 - Level 9.0 Armour
 * Level 13.2 Dodging
 - Level 2.4 Stealth
 * Level 11.0 Shields
 * Level 13.7 Unarmed Combat


You had 14 spell levels left.
You didn't know any spells.

Dungeon Overview and Level Annotations

Branches:
Dungeon (15/15) Temple (0/1) D:6 Lair (0/8) D:8 Orc (4/4) D:10 Elf (0/3) Orc:4 Vaults (0/5) D:13 D:14 Depths (1/5) D:15

Altars:
Cheibriados
Dithmenos
Elyvilon
Gozag
Kikubaaqudgha
Makhleb
Nemelex Xobeh
Okawaru
Trog
Xom
Yredelemnul
Zin
The Shining One
Jiyva

Shops:
D:7 [   D:12 [   D:14 =   Orc:4 **:?(   Vaults:1 [   Vaults:4 %   Depths:2 [

Portals:
Pandemonium: Orc:4

Annotations:
Depths:1 the Enchantress


Innate Abilities, Weirdness & Mutations

You have razor-sharp teeth.
You regenerate.
When hurt, damage is shared between your health and your magic reserves.
Your bite disrupts and absorbs the magic of your enemies.
Potions and wands cannot restore your health.
You are immune to rotting.


Message History

Your green ugly thing completely misses the spriggan berserker.
The spriggan hits your green ugly thing with a dagger!
Your green ugly thing dies!
Your green ugly thing's corpse dissolves into shadows!
The spriggan berserker is distracted by the nearby gold.
You barely miss the spriggan defender.
The spriggan berserker shouts!
Your bite misses the spriggan defender.
The spriggan defender hits you with a demon whip of flaming!
* * * LOW HITPOINT WARNING * * *
The spriggan defender burns you.
* * * LOW HITPOINT WARNING * * *
You hear a bellow!
The spriggan defender blocks your attack.
Your bite misses the spriggan defender.
The spriggan berserker is no longer distracted by gold.
You block the spriggan defender's attack.
The spriggan defender hits you with a demon whip of flaming!!
You die...
Your body crumbles into a pile of gold.

### #.##########.##
#........i......
#..@i....i...#######
#..#########.$...iii
##############.....# #########
#.#.#...#.#.#..#...>.############
..#...#...#....#.................
#...#.#.#...#..#.................
#...#.#.#...#..#................#
..#...#...#..!.#................#
#.#.#...#.#.#[##................#


You could see a spriggan defender, a spriggan berserker and a spriggan.

Vanquished Creatures
  Asterion (Depths:1)
  Rupert (D:14)
  Donald (Orc:4)
  Gastronok (Orc:1)
  2 very ugly things (Depths:1)
  Azrael (D:14)
  Snorg (D:15)
  An ettin (Orc:4)
  A great orb of eyes (Depths:1)
  Fannar (D:14)
  Harold (Orc:3)
  2 ice dragons
  2 hydras (D:14)
  A catoblepas (D:15)
  3 centaur warriors
  2 ogre magi (Depths:1)
  A tengu warrior (Depths:1)
  A deep troll shaman (Depths:1)
  7 orc high priests (Orc:4)
  Nergalle (Orc:2)
  A sun demon (Orc:4)
  A shadow wraith (D:15)
  A deep elf knight (D:15)
  3 unseen horrors
  A skeletal warrior (D:14)
  A giant orange brain (D:15)
  A gelid demonspawn (Orc:4)
  3 deep trolls (Depths:1)
  Pikel (D:8)
  A deep elf summoner (Orc:3)
  6 orc knights
  8 orc sorcerers
  A torturous demonspawn (Orc:4)
  3 hill giants
  13 ugly things
  2 wolf spiders (D:15)
  5 cyclopes
  3 griffons
  3 manticores
  Maurice (D:8)
  A rust devil (Orc:4)
  Joseph (Orc:1)
  3 gargoyles
  A moth of wrath (shapeshifter) (D:15)
  2 centaur skeletons (D:15)
  Psyche (D:12)
  A yaktaur (shapeshifter) (D:15)
  An efreet (D:14)
  A redback zombie (D:15)
  A komodo dragon (shapeshifter) (D:15)
  A queen bee (shapeshifter) (D:13)
  3 yaktaurs
  A tengu conjurer (Depths:1)
  2 blue devils (Orc:4)
  6 trolls
  Sonja (D:10)
  7 two-headed ogres
  3 ravens (Depths:1)
  12 slime creatures
  A boulder beetle (D:14)
  A basilisk (D:15)
  A wolf spider simulacrum (D:15)
  A trapdoor spider (D:15)
  A ynoxinul (Orc:4)
  2 shadows
  3 wyverns
  A vampire (D:15)
  2 deep elf magi
  16 humans
  3 wraiths
  14 yaks
  4 deep elf fighters (Orc:4)
  3 hungry ghosts
  A neqoxec (Orc:4)
  3 fire elementals (D:14)
  A water moccasin (D:15)
  2 mottled dragons (D:15)
  8 hippogriffs
  5 hell hounds (D:14)
  6 wargs
  2 black bears
  2 spiders (Orc:4)
  A dwarf (shapeshifter) (D:15)
  32 orc warriors
  A water moccasin (shapeshifter) (D:15)
  2 wasps
  A boggart (D:15)
  4 ice beasts
  5 sky beasts
  A necrophage (D:9)
  16 centaurs
  3 phantoms
  Sigmund (D:2)
  Duvessa (D:6)
  3 big kobolds
  8 giant frogs
  2 gnoll sergeants
  17 ogres
  Blork the orc (Orc:1)
  3 wyvern zombies
  8 scorpions
  3 killer bees (D:9)
  22 wights
  6 centaur zombies
  3 goliath beetles
  Dowan (D:6)
  6 crimson imps
  4 giant frog zombies
  A gnoll shaman (D:7)
  5 hounds
  A quasit (D:12)
  4 jellies
  38 orc priests
  9 iguanas
  30 orc wizards
  A giant frog skeleton (D:11)
  15 worker ants
  4 sheep (D:9)
  A hound skeleton (D:8)
  2 worker ant zombies (D:11)
  30 gnolls
  8 adders
  A giant mite (D:8)
  3 shadow imps
  A worm (D:5)
  3 oozes
  168 orcs
  A ball python (D:3)
  19 bats
  4 bat zombies
  4 giant cockroaches
  22 hobgoblins
  4 jackals (D:9)
  4 quokkas
  5 giant geckos
  8 giant newts
  A giant spore (D:12)
  19 goblins
  A jackal skeleton (D:4)
  29 kobolds
  14 rats
  5 ballistomycetes
843 creatures vanquished.

Vanquished Creatures (collateral kills)
  An orc warlord (Orc:4)
  A spriggan defender (Depths:1)
  An ettin (Depths:1)
  An orc knight (Orc:4)
  A spiny frog (shapeshifter) (D:15)
  A deep elf priest (Orc:4)
  2 slime creatures (D:15)
  A deep elf fighter (Orc:4)
  An orc warrior (Orc:4)
  2 spiders (Orc:4)
  An ogre (Depths:1)
  2 orcs (Orc:4)
15 creatures vanquished.

Vanquished Creatures (others)
  An ogre mage (Depths:1)
  4 ugly things (Depths:1)
  A deep elf mage (Depths:1)
  A human (D:14)
  6 spiders (Orc:4)
  An ogre (Depths:1)
  2 slaves (D:8)
  2 orcs (Orc:4)
  A hobgoblin (Orc:4)
  A giant spore (D:11)
20 creatures vanquished.

Grand Total: 878 creatures vanquished

Notes
Turn   | Place    | Note
--------------------------------------------------------------
     0 | D:1      | Chiseanne, the Vine Stalker Monk, began the quest for the Orb.
     0 | D:1      | Reached XP level 1. HP: 11/11 MP: 1/1
     2 | D:1      | Noticed a naga
     4 | D:1      | Noticed a vine stalker
     4 | D:1      | Noticed a felid
     6 | D:1      | Noticed a vampire
     6 | D:1      | Noticed an elf
     8 | D:1      | Noticed a ghoul
     8 | D:1      | Noticed a dwarf
    10 | D:1      | Noticed a troll
    10 | D:1      | Noticed an ogre
    12 | D:1      | Noticed a tengu
    14 | D:1      | Noticed a draconian
    14 | D:1      | Noticed a formicid
    16 | D:1      | Noticed a demigod
    16 | D:1      | Noticed a demonspawn
    18 | D:1      | Noticed a spriggan
    20 | D:1      | Noticed a minotaur
    22 | D:1      | Noticed a human
    22 | D:1      | Noticed a gargoyle
    24 | D:1      | Noticed a centaur
    26 | D:1      | Noticed an octopode
    26 | D:1      | Noticed a merfolk
   230 | D:1      | Reached XP level 2. HP: 14/16 MP: 3/3
   842 | D:1      | Reached XP level 3. HP: 13/19 MP: 1/4
  1021 | D:2      | Found an opulent altar of Gozag.
  1051 | D:2      | Became a worshipper of Gozag Ym Sagoz the Greedy
  1351 | D:2      | Noticed Sigmund
  1379 | D:2      | Killed Sigmund
  1379 | D:2      | Reached skill level 5 in Unarmed Combat
  1379 | D:2      | Reached XP level 4. HP: 8/24 MP: 5/5
  1379 | D:2      | Reached XP level 5. HP: 9/28 MP: 7/7
  1828 | D:3      | Found a bloodstained altar of Trog.
  1849 | D:3      | Found a glowing golden altar of the Shining One.
  2511 | D:4      | Gained mutation: You heal very quickly. [vine stalker growth]
  2511 | D:4      | Reached XP level 6. HP: 32/32 MP: 8/8
  2734 | D:4      | Reached skill level 6 in Unarmed Combat
  2840 | D:4      | Reached XP level 7. HP: 37/37 MP: 9/9
  3864 | D:5      | Entered Level 5 of the Dungeon
  4050 | D:5      | Noticed a hippogriff
  4059 | D:5      | Killed a hippogriff
  4123 | D:5      | Reached skill level 7 in Unarmed Combat
  4123 | D:5      | Gained mutation: You have razor-sharp teeth. [vine stalker growth]
  4123 | D:5      | Reached XP level 8. HP: 42/42 MP: 11/11
  4206 | D:5      | Reached skill level 5 in Fighting
  4380 | D:5      | Reached skill level 5 in Dodging
  4766 | D:6      | Reached skill level 1 in Shields
  4816 | D:6      | Found a staircase to the Ecumenical Temple.
  4967 | D:6      | Found a shadowy altar of Dithmenos.
  5027 | D:6      | Noticed Dowan
  5028 | D:6      | Noticed Duvessa
  5035 | D:6      | Killed Duvessa
  5038 | D:6      | Killed Dowan
  5038 | D:6      | Reached XP level 9. HP: 44/47 MP: 12/12
  5101 | D:6      | Found a basalt altar of Yredelemnul.
  5469 | D:7      | Found a sparkling altar of Nemelex Xobeh.
  5536 | D:7      | Found Ocaluy's Antique Armour Emporium.
  5643 | D:7      | Reached skill level 5 in Shields
  5728 | D:7      | Found a flagged portal.
  5748 | Bailey   | Entered a bailey
  5809 | Bailey   | Noticed Cab's ghost (experienced TrMo)
  6136 | D:7      | Bought a shiny helmet for 85 gold pieces
  6136 | D:7      | Bought a pair of glowing gloves for 85 gold pieces
  6136 | D:7      | Bought a runed ring mail for 76 gold pieces
  6242 | D:7      | Reached skill level 1 in Armour
  6261 | D:7      | Found an ancient bone altar of Kikubaaqudgha.
  6618 | D:8      | Noticed Maurice
  6637 | D:8      | Killed Maurice
  6685 | D:8      | Found a staircase to the Lair.
  6845 | D:8      | Noticed Pikel
  6857 | D:8      | Killed Pikel
  6857 | D:8      | Reached skill level 5 in Armour
  6857 | D:8      | Reached XP level 10. HP: 49/51 MP: 13/13
  7268 | D:8      | Noticed a gargoyle
  7269 | D:8      | Found a shimmering altar of Xom.
  7269 | D:8      | Found a burning altar of Makhleb.
  7280 | D:8      | Killed a gargoyle
  7285 | D:8      | Found an iron altar of Okawaru.
  7286 | D:8      | Found a white marble altar of Elyvilon.
  7289 | D:8      | Found a snail-covered altar of Cheibriados.
  7289 | D:8      | Found a bloodstained altar of Trog.
  7684 | D:9      | Got a thick robe
  7695 | D:9      | Identified the +2 robe "Wominug" {+Blink MR+ Int+6 Dex+4 Stlth-} (You found it on level 9 of the Dungeon)
  7800 | D:9      | Reached skill level 8 in Unarmed Combat
  8699 | D:10     | Entered Level 10 of the Dungeon
  8711 | D:9      | Reached XP level 11. HP: 51/56 MP: 15/15
  8762 | D:10     | Found a staircase to the Orcish Mines.
  8814 | D:10     | Noticed Sonja
  8831 | D:10     | Killed Sonja
  9134 | D:10     | Noticed an unseen horror
  9149 | D:10     | Killed an unseen horror
  9608 | D:11     | Reached skill level 9 in Unarmed Combat
 10101 | D:12     | Killed an unseen horror
 10143 | D:12     | Found Onneoc's Antique Armour Boutique.
 10240 | D:12     | Gained mutation: You regenerate. [vine stalker growth]
 10240 | D:12     | Reached XP level 12. HP: 63/63 MP: 16/16
 10382 | D:12     | Found a viscous altar of Jiyva.
 10470 | D:12     | Noticed Psyche
 10479 | D:12     | Killed Psyche
 10628 | D:12     | Noticed a hill giant
 10633 | D:12     | Killed a hill giant
 10633 | D:12     | Reached skill level 10 in Unarmed Combat
 11018 | D:13     | Found a white marble altar of Elyvilon.
 11417 | D:13     | Paralysed by a wasp for 3 turns
 11761 | D:14     | Found a gate to the Vaults.
 11761 | D:14     | Noticed Rupert
 11998 | D:14     | Noticed a five-headed hydra
 12004 | D:14     | Killed a five-headed hydra
 12131 | D:14     | Reached XP level 13. HP: 58/68 MP: 14/17
 12168 | D:14     | Killed Rupert
 12168 | D:14     | Reached skill level 11 in Unarmed Combat
 12414 | D:14     | Noticed Fannar
 12430 | D:14     | Killed Fannar
 12447 | D:14     | Noticed Azrael
 12489 | D:14     | Killed Azrael
 12584 | D:14     | Noticed a six-headed hydra
 12589 | D:14     | Killed a six-headed hydra
 12589 | D:14     | Reached skill level 10 in Dodging
 12638 | D:14     | Found a glowing silver altar of Zin.
 12968 | D:14     | Found Thic's Jewellery Shoppe.
 12980 | D:14     | Bought a cursed -3 ring of protection for 28 gold pieces
 13147 | D:12     | Bought the +2 hat of the Bear Spirit {Spirit, +Rage rN+ MR++} for 1187 gold pieces
 13244 | D:15     | Entered Level 15 of the Dungeon
 13472 | D:15     | Noticed Snorg
 13483 | D:15     | Killed Snorg
 14218 | D:15     | Reached XP level 14. HP: 52/74 MP: 18/18
 14271 | D:15     | Found a staircase to the Depths.
 14564 | D:15     | Reached skill level 12 in Unarmed Combat
 15121 | D:15     | Reached skill level 10 in Shields
 15396 | Orc:1    | Entered Level 1 of the Orcish Mines
 15483 | Orc:1    | Noticed Gastronok
 15497 | Orc:1    | Killed Gastronok
 15602 | Orc:1    | Noticed Blork the orc
 15615 | Orc:1    | Killed Blork the orc
 15692 | Orc:1    | Noticed Joseph
 15703 | Orc:1    | Killed Joseph
 15969 | Orc:2    | Noticed Nergalle
 15988 | Orc:2    | Killed Nergalle
 16510 | Orc:3    | Noticed Harold
 16517 | Orc:3    | Killed Harold
 17057 | Orc:4    | Entered Level 4 of the Orcish Mines
 17122 | Orc:4    | Found Kle Loz's Magic Scroll Boutique.
 17257 | Orc:4    | Found Phaxed's General Store.
 17297 | Orc:4    | Bought a scroll of immolation for 35 gold pieces
 17297 | Orc:4    | Bought a scroll of vulnerability for 75 gold pieces
 17297 | Orc:4    | Bought a scroll of identify for 20 gold pieces
 17297 | Orc:4    | Bought a scroll of identify for 20 gold pieces
 17297 | Orc:4    | Bought a scroll of identify for 20 gold pieces
 17297 | Orc:4    | Bought a scroll of remove curse for 30 gold pieces
 17299 | Orc:4    | Bought 2 scrolls of summoning for 190 gold pieces
 17299 | Orc:4    | Bought a fan of gales for 400 gold pieces
 17640 | Orc:4    | Noticed Donald
 17647 | Orc:4    | Killed Donald
 17771 | Orc:4    | Reached XP level 15. HP: 64/80 MP: 19/19
 17794 | Orc:4    | Found Udidaqa's Book Shoppe.
 17794 | Orc:4    | Found Wiusujep's Antique Weapon Emporium.
 17803 | Orc:4    | Found a one-way gate leading to the halls of Pandemonium.
 17808 | Orc:4    | Reached skill level 13 in Unarmed Combat
 17971 | Orc:4    | Found Strarhus' General Store.
 18009 | Orc:4    | Found a staircase to the Elven Halls.
 18124 | Orc:4    | Bought a scroll of identify for 28 gold pieces
 18219 | Orc:4    | Noticed an orc warlord
 18224 | Orc:4    | Reached skill level 10 in Fighting
 18333 | Orc:4    | Killed an orc warlord
 18874 | Depths:1 | Entered Level 1 of the Depths
 19193 | Depths:1 | Noticed Asterion
 19215 | Depths:1 | Killed Asterion
 19641 | Depths:1 | Noticed the Enchantress
 19674 | Depths:1 | Slain by a spriggan defender

Action                   |  1- 3 |  4- 6 |  7- 9 | 10-12 | 13-15 || total
-------------------------+-------+-------+-------+-------+-------++-------
Melee: Unarmed           |   113 |   103 |   374 |   767 |  1097 ||  2454
       Whip              |     6 |       |       |       |       ||     6
 Fire: Blowgun           |       |       |       |    12 |       ||    12
Throw: Tomahawk          |       |       |       |     6 |     3 ||     9
Invok: Call Merchant     |       |       |       |     3 |     2 ||     5
Evoke: Wand              |       |       |       |       |    11 ||    11
       Lamp of fire      |       |       |       |       |     2 ||     2
       Sack of spiders   |       |       |       |       |     6 ||     6
       Fan of gales      |       |       |       |       |     1 ||     1
  Use: Scroll            |     5 |     5 |     9 |    11 |    15 ||    45
       Potion            |       |       |       |       |     6 ||     6
 Stab: Sleeping          |     2 |       |     2 |     4 |     2 ||    10
       Distracted        |       |       |     2 |     3 |     9 ||    14
       Invisible         |       |       |       |       |     3 ||     3
  Eat: Bread ration      |     1 |     1 |     2 |     1 |     5 ||    10
       Beef jerky        |       |     1 |     1 |     2 |       ||     4
       Pizza             |       |       |     1 |     7 |     1 ||     9
